 Dungeon Crawl Stone Soup version 0.32-a0-868-g153ae1a8d6 (webtiles) character file.

Game seed: 4893449679686296290

362 edesousacosta the Grave Robber (level 6, -6/43 HPs)
             Began as a Demonspawn Necromancer on Mar 28, 2024.
             Was an Initiate of Sif Muna.
             Mangled by Duvessa
             ... wielding a +0 short sword
              (9 damage)
             ... on level 4 of the Dungeon.
             The game lasted 00:45:56 (4386 turns).

edesousacosta the Grave Robber (DsNe)               Turns: 4386, Time: 00:45:57

Health: -6/43      AC:  6    Str:  8    XL:     6   Next: 39%
Magic:  4/12       EV:  9    Int: 18    God:    Sif Muna [......]
Gold:   160        SH:  0    Dex: 13    Spells: 12/13 levels left

rFire   + . .        r - +2 falchion (flame)
rCold   + . .        (no shield)
rNeg    . . .        k - +0 ring mail
rPois   +            (helmet restricted)
rElec   +            (no cloak)
rCorr   +            (no gloves)
SInv    .            (no boots)
Will    .....        (no amulet)
Stlth   +            (no ring)
HPRegen 0.27/turn    (no ring)
MPRegen 0.13/turn

%: no passive effects
@: lit by a corona, resistant, glowing
A: horns 1, demonic guardian 1, sharp scales 1, foul shadow 2
a: Renounce Religion


You were on level 4 of the Dungeon.
You worshipped Sif Muna.
Sif Muna was noncommittal.
You visited 1 branch of the dungeon, and saw 4 of its levels.

You collected 160 gold pieces.

Inventory:

Hand Weapons
 b - a +0 dagger
 c - a +0 whip
 d - a +0 dagger
 e - a +0 club
 p - a +0 sling
 r - a +2 falchion of flaming (weapon)
 w - a +0 flail
 x - a +0 giant club
 y - a +0 trident
 z - a +0 club
 F - a +2 short sword of speed
Missiles
 q - 6 poisoned darts
 t - 21 stones
 E - 4 javelins
Armour
 a - a +0 robe
 f - a +0 leather armour
 k - a +0 ring mail (worn)
 l - a +0 robe
 s - a +0 robe
Talismans
 m - a maw talisman
Scrolls
 g - 3 scrolls of identify
 h - a scroll of vulnerability
 u - a scroll of fog {unknown}
 B - a scroll of butterflies
 C - a scroll of acquirement {unknown}
 D - a scroll of poison {unknown}
Potions
 i - a potion of attraction {unknown}
 n - a potion of lignification {unknown}
 o - a potion of might {unknown}
 v - a potion of enlightenment {unknown}
 A - a potion of curing {unknown}


   Skills:
 + Level 1.1 Fighting
 + Level 1.0 Ranged Weapons
 + Level 1.8 Armour
 + Level 2.1 Dodging
 + Level 1.9 Stealth
 + Level 4.1 Spellcasting
 + Level 6.1 Necromancy


You had 12 spell levels left.
You knew the following spells:

 Your Spells              Type           Power      Damage    Failure   Level
a - Necrotise             Necr           100%       1d9       3%          1

Your spell library contained the following spells:

 Spells                   Type           Power      Damage    Failure   Level
 Sublimation of Blood     Necr           25%        N/A       5%          2
 Vampiric Draining        Necr           25%        2d7       11%         3
 Animate Dead             Necr           25%        N/A       34%         4
 Call Imp                 Summ           6%         N/A       54%         2
 Curse of Agony           Necr           25%        N/A       67%         5
 Summon Hydra             Summ           1%         N/A       100%        7


Dungeon Overview and Level Annotations

Branches:
Dungeon (4/15)
 Temple: D:4-7

Altars:
Ashenzari
Sif Muna

Shops:
D:1 [   D:4 *?*

Annotations:
D:4 Duvessa


Innate Abilities, Weirdness & Mutations

You have a pair of small horns on your head.
A weak demonic guardian rushes to your aid.
You are partially covered in razor-sharp scales. (AC +1, Slay +1)
You are shadowed, sometimes releasing foul flame when damaged in melee.


Message History

Duvessa hits Dowan with a +0 short sword!
Duvessa rages.
Duvessa hits Dowan with a +0 short sword!
Dowan is destroyed!
Your shadow imp closely misses Duvessa.
Casting: Necrotise (safe; 3% risk of failure)
Confirm with . or Enter, or press ? or * to list all spells.
Aiming: Necrotise (safe; 3% risk of failure)
Press: ? - help, Shift-Dir - straight line, f/p - Duvessa
Aim: Duvessa, wielding a +0 short sword, wearing a +0 leather armour and quivering stones (berserk, ally target, umbra, chance to affect: 70%) Duvessa struggles to resist.
Duvessa barely misses you.
Your shadow imp misses Duvessa.
Casting: Necrotise (safe; 3% risk of failure)
Confirm with . or Enter, or press ? or * to list all spells.
Aiming: Necrotise (safe; 3% risk of failure)
Press: ? - help, Shift-Dir - straight line, f/p - Duvessa
Aim: Duvessa, wielding a +0 short sword, wearing a +0 leather armour and quivering stones (berserk, ally target, umbra, chance to affect: 70%) Duvessa writhes in agony.
Duvessa hits you but does no damage. Duvessa hits you with a +0 short sword.
Your shadow imp gestures at Duvessa.
Duvessa resists with significant effort.
It was a potion of resistance.
You feel protected. Duvessa barely misses your shadow imp.
Your shadow imp hits Duvessa but does no damage.
Casting: Necrotise (safe; 3% risk of failure)
Confirm with . or Enter, or press ? or * to list all spells.
Aiming: Necrotise (safe; 3% risk of failure)
Press: ? - help, Shift-Dir - straight line, f/p - Duvessa
Aim: Duvessa, wielding a +0 short sword, wearing a +0 leather armour and quivering stones (lightly wounded, berserk, not watching you, ally target, umbra, chance to affect: 70%) Duvessa writhes in agony.
Duvessa hits you with a +0 short sword.
Duvessa is seared by the foul flame within you!
Duvessa is moderately wounded.
Duvessa hits you with a +0 short sword.
* * * LOW HITPOINT WARNING * * *
Your shadow imp barely misses Duvessa.
Duvessa attacks as she pursues you! Duvessa hits you with a +0 short sword!
* * * LOW HITPOINT WARNING * * *
Duvessa hits you with a +0 short sword!
You die...

#..# #.# .#.##### #..#
#.# ...#..⌠# #..# #.#
...#.>.#
#..###########.##
ß..#∩..#
#...............#
...#####
#.###############
..∩..... #.# ##.....#
#.##### ∩#..ß..# #....@#
.#...... #####e# .#......
#...#.# ##.##### ##.##5#
... #.....####
###############.#)#.#####
.e..........e...........#
###############.#.#.#.#.#
#....<...#


You could see Duvessa (berserk, ally target) and a friendly shadow imp
(summoned).

Vanquished Creatures
  An ogre (D:3)
  A scorpion (D:4)
  Dowan (D:4)
  An orc priest (D:4)
  Jessica (D:2)
  A gnoll (D:1)
  3 adders
  2 dart slugs
  11 orcs
  An endoplasm (D:3)
  A giant cockroach (D:1)
  8 goblins
  5 hobgoblins
  3 jackals (D:2)
  5 quokkas
  5 ball pythons
  6 bats
  2 frilled lizards
  2 kobolds (D:1)
  A rat (D:3)
  A spectral goblin (D:2)
62 creatures vanquished.

Vanquished Creatures (collateral kills)
  An orc (D:3)
  2 goblins (D:1)
  A hobgoblin (D:1)
  A frilled lizard (D:1)
  A rat (D:2)
6 creatures vanquished.

Grand Total: 68 creatures vanquished

Notes
Turn   | Place    | Note
-------+----------+-------------------------------------------
     0 | D:1      | edesousacosta the Demonspawn Necromancer began the quest
                  | for the Orb.
     0 | D:1      | Reached XP level 1. HP: 13/13 MP: 3/3
   130 | D:1      | Gained mutation: You are partially covered in razor-sharp
                  | scales. (AC +1, Slay +1) [demonic ancestry]
   130 | D:1      | Reached XP level 2. HP: 19/19 MP: 0/5
   495 | D:1      | Found Kuack's Antique Armour Shoppe.
   527 | D:1      | Gained mutation: You are faintly shadowed, very rarely
                  | releasing foul flame when damaged in melee. [demonic
                  | ancestry]
   527 | D:1      | Reached XP level 3. HP: 17/24 MP: 5/7
  1031 | D:2      | Noticed Jessica
  1039 | D:2      | Killed Jessica
  1040 | D:2      | Reached skill level 5 in Necromancy
  1366 | D:2      | Gained mutation: A weak demonic guardian rushes to your
                  | aid. [demonic ancestry]
  1366 | D:2      | Reached XP level 4. HP: 31/31 MP: 5/8
  2065 | D:2      | Found a faded altar of an unknown god.
  2344 | D:3      | Upgraded the game from 0.32-a0-859-gb0a091d592 to
                  | 0.32-a0-868-g153ae1a8d6
  2597 | D:3      | Found a broken altar of Ashenzari.
  2782 | D:3      | Noticed an ogre
  2820 | D:3      | Killed an ogre
  2821 | D:3      | Reached skill level 1 in Fighting
  2821 | D:3      | Reached skill level 1 in Armour
  2821 | D:3      | Gained mutation: You have a pair of small horns on your
                  | head. [demonic ancestry]
  2821 | D:3      | Reached XP level 5. HP: 19/37 MP: 8/10
  2894 | D:3      | Reached skill level 1 in Ranged Weapons
  3285 | D:3      | Found a shimmering blue altar of Sif Muna.
  3683 | D:4      | Noticed Duvessa
  3683 | D:4      | Noticed Dowan
  3833 | D:3      | Became a worshipper of Sif Muna the Loreminder
  4075 | D:4      | Found Udusiaso's General Store.
  4075 | D:4      | Found Fywk's Magic Scroll Emporium.
  4075 | D:4      | Found Upon's Assorted Antiques.
  4140 | D:4      | Reached skill level 6 in Necromancy
  4140 | D:4      | Gained mutation: You are shadowed, sometimes releasing foul
                  | flame when damaged in melee. [demonic ancestry]
  4140 | D:4      | Reached XP level 6. HP: 35/43 MP: 6/11
  4370 | D:4      | Killed Dowan
  4385 | D:4      | HP: 2/43 [Duvessa/+0 short sword (7)]
  4386 | D:4      | Mangled by Duvessa

Illustrated notes

Levels and vault maps discovered:
D:1:      saegor_arrival_simple_d, layout_basic, serial_shops, shop
D:2:      layout_basic, serial_aquarium, aquarium_bridge_straight
          [aquarium_subvault_bridge, aquarium_subvault_wall,
          aquarium_subvault_bridge, aquarium_subvault_wall],
          aquarium_bridge_square [aquarium_subvault_window,
          aquarium_subvault_bridge, aquarium_subvault_window,
          aquarium_subvault_bridge], aquarium_window_1, aquarium_window_1,
          aquarium_window_1, aquarium_window_2, aquarium_view_2a,
          aquarium_view_2d, aquarium_balcony_3a,
          dreamdust_ecumenical_altar_drowned_temple, fountainhead, uniq_jessica
D:3:      layout_rooms, lemuel_blue_sif_altar, nicolae_ashenzari_skybound,
          guppyfry_early_orc_mine
D:4:      layout_basic, nicolae_hepliaklqana_hazy_memory,
          nicolae_shop_distant_corner_stores, kennysheep_another_room,
          dreamdust_princess_bridge, st_stairs_8, minmay_misc_feat_hallway,
          uniq_duvessa

Skill      XL: |  1  2  3  4  5  6 |
---------------+-------------------+-----
Necromancy     | 5 6 |  6.1
Spellcasting   | 3 4 |  4.1
Fighting       | 1 |  1.1
Armour         | 1 |  1.8
Dodging        | 2 |  2.1
Ranged Weapons | 1 |  1.0
Stealth        | |  1.9

Action                     |  1- 3 |  4- 6 || total
---------------------------+-------+-------++-------
  Melee: Unarmed           |     3 |       ||     3
         Whip              |     6 |       ||     6
         Falchion          |       |     1 ||     1
   Fire: Sling             |     1 |    20 ||    21
   Cast: Necrotise         |    43 |    77 ||   120
    Use: Scroll            |     1 |     2 ||     3
         Potion            |     1 |     1 ||     2
 Armour: Robe              |     8 |       ||     8
         Leather armour    |    18 |    13 ||    31
         Ring mail         |       |    39 ||    39
  Dodge: Dodged            |    18 |    26 ||    44

Table legend: (Time is in decaauts)
 A = Elapsed time spent in this place.
 B = Non-inter-level travel time spent in this place.
 C = Inter-level travel time spent in this place.
 D = Time resting spent in this place.
 E = Time spent auto-exploring this place.
 F = Levels seen in this place.
 G = Mean time per level.
                   A        B        C        D        E       F      G
               +--------+--------+--------+--------+--------+-----+--------+
         Total |   4418 |   4014 |    404 |    109 |   1136 |   4 | 1104.5 |
       Dungeon |   4418 |   4014 |    404 |    109 |   1136 |   4 | 1104.5 |
               +--------+--------+--------+--------+--------+-----+--------+

Top non-repeatable levels by time:
     D:2: 1569 daAuts
     D:3: 1445 daAuts
     D:1: 1056 daAuts
     D:4: 346 daAuts
